AoeStats
← [CL] Al3jandr0.magn00

Socotra

504627655Analyzed
4v4 RM · 26d ago on Sep 6, 2026· 14m 27s· 8 players
Game mode
Random Map
Map size
148×148
Population
200
Speed
Normal
Resources
Standard
Victory
Conquest
Starting age
Dark Age
Ending age
Imperial Age
RankedLock teamsTeams togetherTeam positionsShared explorationLock speedFull tech treeHidden civsTurbo modeCheats
Victory
Defeat
🇦🇷 Bengalis · Argentina
1678
+9
🇦🇷 Burmese · Argentina
1521
+16
🇦🇷 Jurchens · Argentina
1470
+18
🇦🇷 Italians · Argentina
1309
+24
🇺🇸 Chinese · United States
1523
-17
🇻🇳 Teutons · Vietnam
1518
-17
🇰🇷 Tatars · South Korea
1505
-17
🇺🇸 Slavs · United States
1489
-16
__127_Monchito008_Arg
0:55 Loom
12:07 Feudal Age
__04_Zonko570_Arg
6:56 Loom
9:14 Feudal Age
10:48 Double-Bit Axe
14:15 Fletching
[CL] Al3jandr0.magn00
5:44 Loom
8:22 Feudal Age
13:36 Double-Bit Axe
_13_Enzus_Arg
7:55 Loom
11:45 Feudal Age
busy pushing deer
0:26 Loom
9:10 Feudal Age
11:10 Double-Bit Axe
machpatel
2:37 Loom
12:03 Feudal Age
남조선사람
10:01 Feudal Age
10:04 Loom
ost.nostalgia
5:54 Loom
9:55 Feudal Age
Connection lost

Rejoining the realm…

Still unreachable

The connection could not be restored.

Session expired

The server has moved on; the page needs a fresh start.